 Dungeon Crawl Stone Soup version 0.23.2-40-g277498a001 (webtiles) character file.

Game seed: 15512201781387006677

74 KamiKatze the Skirmisher (level 4, -4/37 HPs)
             Began as a Merfolk Fighter on Sept 26, 2019.
             Slain by an ogre
             ... wielding a +0 giant spiked club
              (11 damage)
             ... on level 1 of the Dungeon.
             The game lasted 00:04:53 (1553 turns).

KamiKatze the Skirmisher (Merfolk Fighter)          Turns: 1553, Time: 00:04:54

Health: -4/37      AC:  6    Str: 17    XL:     4   Next: 28%
Magic:  4/4        EV: 11    Int:  7    God:
Gold:   52         SH:  9    Dex: 13    Spells: 3/3 levels left

rFire    . . .     SeeInvis .   i - +0 hand axe
rCold    . . .     Gourm    .   c - +0 shield
rNeg     . . .     Faith    .   j - +0 ring mail
rPois    .         Spirit   .   (no helmet)
rElec    .         Reflect  .   m - +0 cloak
rCorr    .         Harm     .   (no gloves)
MR       .....                  (boots currently unavailable)
Stlth    ++........             (no amulet)
HPRegen  0.12/turn              (no ring)
MPRegen  0.09/turn              (no ring)

@: very quick
A: change form in water, swift swim, stealthy swim
a: no special abilities


You were on level 1 of the Dungeon.
You were not hungry.

You visited 1 branch of the dungeon, and saw 2 of its levels.

You collected 52 gold pieces.

Inventory:

Hand Weapons
 a - a +0 war axe
 i - a +0 hand axe (weapon)
Missiles
 l - 10 stones (quivered)
Armour
 b - a +0 scale mail
 c - a +0 shield (worn)
 j - a +0 ring mail (worn)
 m - a +0 cloak (worn)
Scrolls
 k - a scroll of identify {unknown}
 p - 2 scrolls of teleportation {unknown}
 r - a scroll of remove curse {unknown}
 s - 3 scrolls of amnesia {unknown}
Potions
 d - a potion of might
 e - 2 potions of curing {unknown}
 g - a potion of mutation {unknown}
 n - 2 potions of lignification {unknown}
 o - a potion of haste {unknown}
 q - 2 potions of heal wounds {unknown}
Comestibles
 f - 3 rations


   Skills:
 + Level 4.1 Fighting
 * Level 2.7 Axes
 - Level 2.1 Armour
 - Level 2.0 Dodging
 - Level 3.0 Shields


You had 3 spell levels left.
You didn't know any spells.
Your spell library was empty.

Dungeon Overview and Level Annotations

Branches:
Dungeon (2/15)

Altars:


Message History

You are too injured to fight recklessly!
You start resting.
You barely miss the ogre.
Your tail-slap misses the ogre.
The ogre is moderately wounded.
The ogre hits you with a +0 giant spiked club!
You hit the ogre.
The ogre is heavily wounded.
The ogre hits you with a +0 giant spiked club!
* * * LOW HITPOINT WARNING * * *
You are too injured to fight recklessly!
You barely miss the ogre. You tail-slap the ogre.
The ogre is heavily wounded.
The ogre misses you.
You hit the ogre. You tail-slap the ogre.
The ogre is severely wounded.
You block the ogre's attack.
You hit the ogre.
The ogre is severely wounded.
The ogre hits you with a +0 giant spiked club!
You die...

# # # # ###########
# #≈≈≈≈..P♣.# #
#≈≈≈≈....## #
#≈≈O.....#### #
#≈@≈..♣...'.# #
#≈≈≈......'.#
#≈≈≈≈.....'.#
#≈≈≈≈...P##.#######
#≈≈≈.....##..O.O...
#≈≈≈......########.
#≈≈≈≈....♣# ##
#≈≈≈≈....♣#
#≈≈≈.....P#


You could see an ogre.

Vanquished Creatures
  A gnoll (D:1)
  3 adders (D:2)
  2 dart slugs (D:1)
  A leopard gecko (D:1)
  A giant cockroach (D:2)
  2 goblins (D:1)
  3 hobgoblins
  4 jackals
  5 kobolds
  3 bats (D:1)
  4 frilled lizards (D:1)
  5 rats
  A plant (D:1)
35 creatures vanquished.

Notes
Turn   | Place    | Note
-------+----------+-------------------------------------------
     0 | D:1      | KamiKatze the Merfolk Fighter began the quest for the Orb.
     0 | D:1      | Reached XP level 1. HP: 18/18 MP: 1/1
   157 | D:1      | Reached skill level 1 in Dodging
   157 | D:1      | Reached XP level 2. HP: 16/24 MP: 2/2
   637 | D:1      | Reached XP level 3. HP: 24/30 MP: 3/3
   923 | D:2      | Reached skill level 4 in Fighting
   990 | D:2      | Reached XP level 4. HP: 31/37 MP: 4/4
   997 | D:2      | Noticed an ogre
  1553 | D:1      | Slain by an ogre

Skill      XL: |  1  2  3 |
---------------+----------+-----
Dodging        | 1 2 |  2.0
Axes           | 2 |  2.7
Fighting       | 4 |  4.1
Armour         | |  2.1
Shields        | |  3.0

Action                   |  1- 3 |  4- 6 || total
-------------------------+-------+-------++-------
Melee: War axe           |    37 |       ||    37
       Hand axe          |    94 |    22 ||   116
       Tailslap          |       |     6 ||     6
  Eat: Chunk             |       |     2 ||     2
Armor: Scale mail        |     3 |       ||     3
       Ring mail         |    32 |     2 ||    34
Dodge: Dodged            |    32 |    10 ||    42
Block: Shield            |    56 |     8 ||    64
